 Dungeon Crawl Stone Soup version 0.24-a0-284-g9fb9971df1 (webtiles) character file.

Game seed: 6194542629733894522

7 Redear the Skirmisher (level 1, -11/18 HPs)
             Began as a Demonspawn Chaos Knight on May 6, 2019.
             Was a Plaything of Xom.
             Mangled by a fire crab (shapeshifter) (13 damage)
             ... on level 1 of the Dungeon.
             The game lasted 00:00:26 (286 turns).

Redear the Skirmisher (Demonspawn Chaos Knight)      Turns: 286, Time: 00:00:26

Health: -11/18     AC:  5    Str: 12    XL:     1   Next: 83%
Magic:  1/1        EV: 11    Int: 13    God:    Xom [..*...]
Gold:   18         SH:  0    Dex: 12    Spells: 0/0 levels left

rFire    . . .     SeeInvis .   a - +0 hand axe (chaos)
rCold    . . .     Gourm    .   (no shield)
rNeg     . . .     Faith    .   b - +2 leather armour
rPois    .         Spirit   .   (no helmet)
rElec    .         Reflect  .   (no cloak)
rCorr    .         Harm     .   (no gloves)
MR       .....                  (no boots)
Stlth    +.........             (no amulet)
HPRegen  0.06/turn              (no ring)
MPRegen  0.07/turn              (no ring)

@: no status effects
A: no striking features
a: Renounce Religion


You were on level 1 of the Dungeon.
You worshipped Xom.
You were a toy of Xom.
You were not hungry.

You visited 1 branch of the dungeon, and saw 1 of its levels.

You collected 18 gold pieces.

Inventory:

Hand Weapons
 a - a +0 hand axe of chaos (weapon)
 g - a +0 short sword
Armour
 b - a +2 leather armour (worn)
 h - a +0 large shield
Scrolls
 c - 2 scrolls of identify {unknown}
 d - a scroll of enchant weapon {unknown}
 e - a scroll of magic mapping {unknown}
Comestibles
 f - 2 chunks of flesh
 z - a ration


   Skills:
 + Level 3.1 Fighting
 + Level 2.8 Axes
 + Level 1.9 Armour
 + Level 1.1 Dodging
 + Level 0.1 Shields


You couldn't memorise any spells.
You didn't know any spells.
Your spell library was empty.

Dungeon Overview and Level Annotations

Branches:
Dungeon (1/15)

Altars:


Message History

You hit the kobold.
The kobold changes into a shapeshifter!
Xom is highly amused!
The shapeshifter is lightly wounded.
The shapeshifter changes into a fire crab!
You hit the fire crab but do no damage.
The fire crab is lightly wounded.
The fire crab bites you.
A shower of butterflies erupts from you!
You are engulfed in flames!
Ouch! That really hurt!
* * * LOW HITPOINT WARNING * * *
Xom roars with laughter!
The fire crab claws you.
You die... "Oh, no, you don't!"
Xom revives you!
You are engulfed in flames!
Ouch! That really hurt!
You die...
Xom laughs nastily!

#.#. ...# #..#.# #..#.#
#..#.# ######b.#.# .
.......t#b## ..
#@...##### .# #bbb......
.## ##.b.#### ..##
######...#
...##########......#.#
...............##....##
...#######...#.....#..##
..## #..##.#.###.##...
.########.##.♣.###.♣.#
.##


You could see a fire crab shaped shifter.

Vanquished Creatures
  A bat (D:1)
  A goblin (D:1)
  2 hobgoblins (D:1)
  A frilled lizard (D:1)
  A kobold (D:1)
6 creatures vanquished.

Notes
Turn   | Place    | Note
-------+----------+-------------------------------------------
     0 | D:1      | Redear the Demonspawn Chaos Knight began the quest for the
                  | Orb.
     0 | D:1      | Reached XP level 1. HP: 18/18 MP: 1/1
    35 | D:1      | XOM: harmless Air miscast
   111 | D:1      | Reached skill level 1 in Dodging
   285 | D:1      | Noticed a shapeshifter
   285 | D:1      | a kobold changed into a shapeshifter
   285 | D:1      | Noticed a fire crab
   285 | D:1      | a shapeshifter changed into a fire crab
   286 | D:1      | XOM: butterfly on damage
   286 | D:1      | HP: 1/18 [fire crab (shapeshifter) (13)]
   286 | D:1      | Xom revived you
   286 | D:1      | Mangled by a fire crab (shapeshifter)

Levels and vault maps discovered:
D:1:      sevenhm_arrival_forest_fort_large_4, layout_loops_ring,
          supply_closet_lemuel, grunt_decor_mini_mirrors, minmay_quantized

Skill      XL: |  1 |
---------------+----+-----
Dodging        | 1 |  1.1
Fighting       | |  3.1
Axes           | |  2.8
Armour         | |  1.9
Shields        | |  0.1

Action                   || total
-------------------------++-------
Melee: Hand axe          ||    10
Armor: Leather armour    ||     2
Dodge: Dodged            ||     6

Table legend:
 A = Non-vault XP
 B = Vault XP
 C = Vault XP percentage of total XP
 D = Non-vault monster count
 E = Vault monster count
 F = Vault count percentage of total count
                 A         B        C        D         E       F
            +---------+---------+-------+---------+---------+-------
      Total |      10 |       0 |   0.0 |       6 |       0 |   0.0
            +---------+---------+-------+---------+---------+-------
        D:1 |      10 |       0 |   0.0 |       6 |       0 |   0.0
            +---------+---------+-------+---------+---------+-------
